 Dungeon Sprint DCSS version 0.30-a0-469-g84de5afbc5 (webtiles) character file.

Game seed: 12855769256658556578

20700000 NinjaNoafa the Intangible (level 27, -8/228 HPs)
             Began as a Djinni Warper on Dec 19, 2022.
             Was the Champion of Makhleb.
             Mangled by a vile
             ... wielding a +0 mace
              (40 damage)
             ... in the Dungeon (Sprint VIII: "Arena of Blood").
             The game lasted 00:02:42 (207 turns).

NinjaNoafa the Intangible (Djinni Warper)            Turns: 207, Time: 00:02:43

Health: -8/228     AC:  6    Str: 10    XL:     27
Gold:   0          EV: 36    Int: 17    God:    Makhleb [******] SH:  0 Dex: 25

rFire   + + .      SeeInvis +    i - +∞ Axe of Woe
rCold   x . .      Faith    .    (shield currently unavailable)
rNeg    . . .      Spirit   .    b - +0 leather armour
rPois   ∞          Reflect  .    (no helmet)
rElec   .          Harm     .    (no cloak)
rCorr   .          Rampage  .    (no gloves)
Will    ++...      NoTele   +    (boots unavailable)
Stlth   ++++......               (no amulet)
HPRegen 0.58/turn                j - +30 ring of slaying
MPRegen 0.00/turn                c - ring of see invisible

@: flying, slowed, very slow
A: sickness immunity, fire resistance 2, cold vulnerability 1, float, innate
caster, HP casting, extra vitality 1
0: Orb of Zot
a: Renounce Religion, Minor Destruction, Lesser Servant of Makhleb, Major
Destruction, Greater Servant of Makhleb


You were in the Dungeon.
You worshipped Makhleb.
Makhleb was exalted by your worship.
You visited 1 branch

Inventory:

Hand Weapons
 a - a +0 hand axe
 i - the +∞ Axe of Woe (weapon)
   (You found it in the Dungeon)
 l - a +9 battleaxe
Missiles
 d - 6 boomerangs of dispersal (quivered)
Armour
 b - a +0 leather armour (worn)
Jewellery
 c - a ring of see invisible (right hand)
 j - a +30 ring of slaying (left hand)
 k - a +30 ring of slaying
 m - a +30 ring of slaying
Potions
 e - a potion of curing
 h - a potion of berserk rage


   Skills:
 O Level 27 Fighting
 O Level 27 Short Blades
 O Level 27 Long Blades
 O Level 27 Axes
 O Level 27 Maces & Flails
 O Level 27 Polearms
 O Level 27 Staves
 O Level 27 Ranged Weapons
 O Level 27 Throwing
 O Level 27 Armour
 O Level 27 Dodging
 O Level 27 Stealth
 O Level 27 Shields
 O Level 27 Unarmed Combat
 O Level 27 Spellcasting
 O Level 27 Invocations
 O Level 27 Evocations


You couldn't memorise any spells.
You knew the following spells:

 Your Spells              Type           Power      Damage    Failure   Level
a - Blink                 Tloc           100%       N/A       0%          2
b - Lesser Beckoning      Tloc           100%       N/A       0%          3
c - Vhi's Electric Charg  Tloc/Air       100%       N/A       0%          3
d - Teleport Other        Tloc           86%        N/A       0%          3
e - Manifold Assault      Tloc           86%        N/A       0%          4
f - Sting                 Tmut/Pois      100%       1d8       0%          1
g - Ensorcelled Hibernat  Hex/Ice        100%       N/A       0%          2
h - Momentum Strike       Conj/Tloc      100%       3d10      0%          2
i - Summon Guardian Gole  Hex/Summ       86%        N/A       0%          3
j - Summon Ice Beast      Ice/Summ       86%        N/A       0%          4
k - Borgnjor's Vile Clut  Necr/Erth      43%        N/A       0%          5
l - Eringya's Noxious Bo  Tmut/Pois      43%        N/A       0%          6
m - Dispersal             Tloc           43%        N/A       0%          6
n - Iron Shot             Conj/Erth      43%        9d8       0%          6
o - Dragon Form           Tmut           43%        N/A       1%          7
p - Lehudib's Crystal Sp  Conj/Erth      43%        10d10     1%          8
q - Polar Vortex          Ice            43%        N/A       2%          9
r - Shatter               Erth           43%        3d33*     2%          9
Your spell library was empty.

Dungeon Overview and Level Annotations

Branches:
Dungeon (1/1)

Altars:
Makhleb


Innate Abilities, Weirdness & Mutations

You are immune to sickness and miasma.
You are immune to poison.
Your flesh is very heat resistant. (rF++)
You are vulnerable to cold. (rC-)
You float through the air rather than walking.
You learn spells naturally, not from books.
Your magical power is your life essence.
You have superior vitality. (+4 MHP)


Message History

The observer convulses! x3; Your body is wracked with pain!
* * * LOW HITPOINT WARNING * * *
A scourge comes into view.
You hear a shout!
The observer moves out of view.
A wretched soul comes into view.
Casting: Shatter (dangerous; 2% risk of failure)
Confirm with . or Enter, or press ? or * to list all spells.
Space momentarily warps into an impossible shape!
You slice the observer!!
You butcher the observer messily.
You kill the observer!
Makhleb accepts your kill.
You slice the observer like a ripe choko!!!
You hew the observer savagely.
You kill the observer!
Makhleb accepts your kill.
You feel better.
You slice one of the eight-headed meat hydra's heads off!
The seven-headed meat hydra grows two more!
You carve the nine-headed meat hydra like a ham!!!
You pulverise the nine-headed meat hydra into a thin bloody mist.
You kill the nine-headed meat hydra!
Makhleb accepts your kill.
You feel better. The vile closely misses you.
An observer comes into view.
A meat berserker comes into view. It is wielding a +9 battleaxe.
You hear a shout!
A bag of meat comes into view. It is wielding a +9 war axe.
The eight-headed meat hydra calls on the powers of darkness!
The eight-headed meat hydra convulses!
Your body is wracked with pain!
* * * LOW HITPOINT WARNING * * *
The scourge convulses!
The scourge breathes poison at you.
The blast of poison engulfs you but does no damage.
You resist.
You hear a shout!
The vile hits you with a +0 mace!
* * * LOW HITPOINT WARNING * * *
You are engulfed in flames!!!
You resist.
You die...

........_)..).)).........
W......O.#.#))Go.W...#.#.#.
.)).....)....)...†)).M.....
.))))).†).†.)))S)G...o.....
.)))).#).)...)☼))..).M.....
.†))))..2†.))○)†...†§.).)).
#..))...).☼.§)).))#...#))).
..)..)).§99☼...)).....#))))
#..)..)))☼@○....#.....#.).)
....).).)D☼§...).....#...)#
...))..)).).......###....#.
...)..)#)..†...†)......#
..).)......)....S)......
###.)..........#.#)..
........)))...†#..
.......†)......†...
##...........)...##


You could see a meat beast (fast), an eight-headed meat hydra, 2 observers, 2
scourges, 2 viles, a meat berserker (berserk), a wretched soul (invisible) and a
bag of meat.

Vanquished Creatures
  Dispater (D)
  22 hell knights (D)
  Sigmund (D)
  18 hell beasts (D)
  13 royal mummies (D)
  20 great orbs of eyes (D)
  16 wraiths (D)
  Harold (D)
  29 vampire knights (D)
  54 ogres (D)
  9 two-headed ogres (D)
  13 liches (D)
  27 hydras (D)
  23 phantoms (D)
  110 orcs (D)
  11 skeletal warriors (D)
  11 sea snakes (D)
379 creatures vanquished.

Notes
Turn   | Place    | Note
-------+----------+-------------------------------------------
     0 | D        | Found the +∞ Axe of Woe
     0 | D        | NinjaNoafa the Djinni Warper began the quest for the Orb.
     0 | D        | NinjaNoafa set off with the following spells memorised:
                  | Blink, Lesser Beckoning, Vhi's Electric Charge, Teleport
                  | Other, Manifold Assault.
     0 | D        | Reached XP level 1. HP: 18/18 MP: 0/0
     0 | D        | Noticed a bag of meat
     2 | D        | Noticed a bag of meat
     3 | D        | Killed a bag of meat
     3 | D        | Noticed a bag of meat
     3 | D        | Noticed a bag of meat
     4 | D        | Reached skill level 10 in Armour
     4 | D        | Reached XP level 2. HP: 37/37 MP: 0/0
     4 | D        | Reached XP level 3. HP: 42/42 MP: 0/0
     4 | D        | Learned a level 1 spell: Sting
     4 | D        | Reached XP level 4. HP: 49/49 MP: 0/0
     4 | D        | Reached XP level 5. HP: 54/54 MP: 0/0
     4 | D        | Learned a level 2 spell: Ensorcelled Hibernation
     4 | D        | Reached XP level 6. HP: 59/59 MP: 0/0
     4 | D        | Reached XP level 7. HP: 65/65 MP: 0/0
     4 | D        | Learned a level 2 spell: Momentum Strike
     4 | D        | Reached XP level 8. HP: 71/71 MP: 0/0
     4 | D        | Reached XP level 9. HP: 76/76 MP: 0/0
     4 | D        | Learned a level 3 spell: Summon Guardian Golem
     4 | D        | Reached XP level 10. HP: 83/83 MP: 0/0
     4 | D        | Reached XP level 11. HP: 87/87 MP: 0/0
     4 | D        | Learned a level 4 spell: Summon Ice Beast
     4 | D        | Killed a bag of meat
     4 | D        | Noticed a bag of meat
     5 | D        | Reached skill level 10 in Axes
     5 | D        | Reached skill level 10 in Throwing
     5 | D        | Reached skill level 10 in Spellcasting
     5 | D        | Reached XP level 12. HP: 96/96 MP: 0/0
     5 | D        | Noticed a meat berserker
     6 | D        | Became a worshipper of Makhleb the Destroyer
     7 | D        | Killed a bag of meat
     7 | D        | Noticed a meat berserker
     8 | D        | Reached XP level 13. HP: 104/104 MP: 0/0
     8 | D        | Learned a level 5 spell: Borgnjor's Vile Clutch
     8 | D        | Killed a bag of meat
     8 | D        | Reached * piety under Makhleb
     8 | D        | Killed a meat berserker
     8 | D        | Noticed a meat berserker
     9 | D        | Reached skill level 15 in Armour
     9 | D        | Reached XP level 14. HP: 116/116 MP: 0/0
     9 | D        | Noticed a bag of meat
    10 | D        | Killed a meat berserker
    10 | D        | Killed a bag of meat
    10 | D        | Reached ** piety under Makhleb
    10 | D        | Killed a meat berserker
    11 | D        | Reached skill level 15 in Axes
    11 | D        | Reached skill level 15 in Throwing
    11 | D        | Reached XP level 15. HP: 127/127 MP: 0/0
    11 | D        | Learned a level 6 spell: Eringya's Noxious Bog
    12 | D        | Noticed a meat berserker
    14 | D        | Reached skill level 15 in Spellcasting
    14 | D        | Reached XP level 16. HP: 135/135 MP: 0/0
    14 | D        | Killed a meat berserker
    14 | D        | Reached *** piety under Makhleb
    17 | D        | Noticed a meat berserker
    18 | D        | Noticed a destroyer
    18 | D        | Noticed a destroyer
    19 | D        | Reached **** piety under Makhleb
    19 | D        | Killed a meat berserker
    20 | D        | Reached XP level 17. HP: 148/148 MP: 0/0
    20 | D        | Learned a level 6 spell: Dispersal
    20 | D        | Killed a destroyer
    21 | D        | Reached XP level 18. HP: 157/157 MP: 0/0
    21 | D        | Killed a destroyer
    21 | D        | Reached ***** piety under Makhleb
    22 | D        | Reached XP level 19. HP: 167/167 MP: 0/0
    22 | D        | Learned a level 6 spell: Iron Shot
    22 | D        | Noticed a meat berserker
    22 | D        | Noticed a large bag of meat
    22 | D        | Noticed a meat berserker
    24 | D        | Noticed a meat berserker
    24 | D        | Noticed a meat berserker
    26 | D        | Killed a meat berserker
    26 | D        | Noticed a meat berserker
    27 | D        | Reached skill level 27 in Dodging
    27 | D        | Killed a meat berserker
    27 | D        | Killed a large bag of meat
    27 | D        | Killed a meat berserker
    27 | D        | Reached ****** piety under Makhleb
    28 | D        | Reached skill level 27 in Fighting
    28 | D        | Reached skill level 27 in Armour
    28 | D        | Reached XP level 20. HP: 181/181 MP: 0/0
    28 | D        | Killed a meat berserker
    29 | D        | Reached XP level 21. HP: 187/187 MP: 0/0
    29 | D        | Learned a level 7 spell: Dragon Form
    29 | D        | Noticed The Servant
    30 | D        | Noticed a meat berserker
    31 | D        | Reached skill level 27 in Axes
    31 | D        | Reached skill level 27 in Throwing
    31 | D        | Reached skill level 27 in Spellcasting
    32 | D        | Killed a meat berserker
    32 | D        | Killed a meat berserker
    32 | D        | Noticed a destroyer
    33 | D        | Noticed a meat berserker
    34 | D        | Killed a destroyer
    34 | D        | Killed a meat berserker
    34 | D        | Noticed a meat berserker
    34 | D        | Noticed a destroyer
    35 | D        | Reached skill level 10 in Short Blades
    35 | D        | Reached skill level 10 in Long Blades
    35 | D        | Reached skill level 10 in Staves
    35 | D        | Reached skill level 10 in Stealth
    35 | D        | Reached XP level 22. HP: 194/194 MP: 0/0
    35 | D        | Killed a destroyer
    35 | D        | Killed a meat berserker
    36 | D        | Reached XP level 23. HP: 201/201 MP: 0/0
    36 | D        | Learned a level 8 spell: Lehudib's Crystal Spear
    37 | D        | Killed The Servant
    38 | D        | Reached skill level 15 in Short Blades
    38 | D        | Reached skill level 15 in Shields
    38 | D        | Reached skill level 15 in Unarmed Combat
    38 | D        | Reached skill level 15 in Invocations
    38 | D        | Reached skill level 15 in Evocations
    38 | D        | Noticed a destroyer
    38 | D        | Killed a destroyer
    38 | D        | Noticed a destroyer
    39 | D        | Reached XP level 24. HP: 208/208 MP: 0/0
    39 | D        | Killed a destroyer
    39 | D        | Noticed a destroyer
    40 | D        | Killed a destroyer
    41 | D        | Reached XP level 25. HP: 214/214 MP: 0/0
    41 | D        | Learned a level 9 spell: Polar Vortex
    46 | D        | Reached XP level 26. HP: 221/221 MP: 0/0
    47 | D        | Noticed a tyrant
    50 | D        | Noticed a large bag of meat
    52 | D        | Reached XP level 27. HP: 228/228 MP: 0/0
    52 | D        | Learned a level 9 spell: Shatter
    52 | D        | Killed a large bag of meat
    52 | D        | Killed a tyrant
    53 | D        | Noticed a destroyer
    54 | D        | Killed a destroyer
    54 | D        | Noticed a tyrant
    55 | D        | Reached skill level 27 in Stealth
    55 | D        | Noticed an accursed
    55 | D        | Killed a tyrant
    55 | D        | Killed an accursed
    55 | D        | Noticed a tyrant
    55 | D        | Noticed a destroyer
    56 | D        | Reached skill level 27 in Shields
    56 | D        | Reached skill level 27 in Unarmed Combat
    56 | D        | Reached skill level 27 in Invocations
    56 | D        | Reached skill level 27 in Evocations
    56 | D        | Noticed a destroyer
    57 | D        | Reached skill level 27 in Short Blades
    57 | D        | Noticed an accursed
    57 | D        | Killed a destroyer
    58 | D        | Reached skill level 27 in Long Blades
    58 | D        | Reached skill level 27 in Staves
    58 | D        | Noticed a meat beast
    58 | D        | Killed a destroyer
    58 | D        | Killed a tyrant
    58 | D        | Killed a meat beast
    58 | D        | Noticed a destroyer
    59 | D        | Reached skill level 27 in Maces & Flails
    59 | D        | Reached skill level 27 in Polearms
    59 | D        | Reached skill level 27 in Ranged Weapons
    59 | D        | Noticed a meat beast
    60 | D        | Killed a meat beast
    60 | D        | Killed a destroyer
    61 | D        | Killed an accursed
    63 | D        | Noticed a destroyer
    63 | D        | Noticed The Captor
    63 | D        | Noticed an accursed
    64 | D        | Killed an accursed
    64 | D        | Killed a destroyer
    65 | D        | Killed The Captor
    65 | D        | Noticed a meat beast
    65 | D        | Noticed a large bag of meat
    66 | D        | Killed a large bag of meat
    66 | D        | Killed a meat beast
    66 | D        | Noticed a large bag of meat
    67 | D        | Killed a large bag of meat
    69 | D        | Noticed a dread
    69 | D        | Noticed a large bag of meat
    70 | D        | Noticed a meat beast
    70 | D        | Killed a meat beast
    70 | D        | Killed a large bag of meat
    71 | D        | Killed a dread
    75 | D        | Noticed a destroyer
    76 | D        | Noticed a meat beast
    77 | D        | Killed a meat beast
    77 | D        | Noticed a meat beast
    78 | D        | Killed a destroyer
    78 | D        | Killed a meat beast
    85 | D        | Noticed a meat beast
    88 | D        | Noticed an accursed
    90 | D        | Noticed an accursed
    94 | D        | Noticed a meat beast
    95 | D        | Noticed an accursed
    95 | D        | Noticed a destroyer
    95 | D        | Noticed a dread
    95 | D        | Noticed a meat beast
    95 | D        | Noticed a dread
    95 | D        | Noticed a tyrant
    95 | D        | Noticed a large bag of meat
    95 | D        | Noticed an accursed
    95 | D        | Noticed a destroyer
    95 | D        | Noticed a tyrant
    96 | D        | Noticed a tyrant
   102 | D        | Killed a dread
   103 | D        | Killed a destroyer
   103 | D        | Killed a meat beast
   103 | D        | Killed a destroyer
   108 | D        | Killed an accursed
   109 | D        | Killed a large bag of meat
   109 | D        | Noticed an accursed
   111 | D        | Killed a meat beast
   112 | D        | Killed a tyrant
   113 | D        | Noticed a dread
   113 | D        | Killed a tyrant
   113 | D        | Killed a dread
   113 | D        | Killed a dread
   114 | D        | Killed an accursed
   115 | D        | Noticed a dread
   115 | D        | Killed a dread
   117 | D        | Killed a tyrant
   120 | D        | Noticed a fleshlord
   121 | D        | Killed a fleshlord
   122 | D        | Noticed a fleshlord
   122 | D        | Killed a fleshlord
   123 | D        | Noticed a fleshlord
   123 | D        | Killed a fleshlord
   126 | D        | Noticed a tyrant
   127 | D        | Killed a tyrant
   131 | D        | Noticed a fleshlord
   131 | D        | Killed a fleshlord
   131 | D        | Noticed a fleshlord
   132 | D        | Killed a fleshlord
   135 | D        | Noticed a tyrant
   135 | D        | Noticed a fleshlord
   136 | D        | Killed a fleshlord
   136 | D        | Killed a tyrant
   137 | D        | Killed an accursed
   138 | D        | Noticed a destroyer
   139 | D        | Killed a destroyer
   140 | D        | Noticed a fleshlord
   140 | D        | Noticed an accursed
   141 | D        | Killed a fleshlord
   141 | D        | Noticed an accursed
   141 | D        | Noticed a dread
   142 | D        | Noticed a destroyer
   143 | D        | Killed a dread
   143 | D        | Noticed a dread
   144 | D        | Killed a dread
   144 | D        | Killed an accursed
   144 | D        | Noticed a large bag of meat
   147 | D        | Killed a large bag of meat
   147 | D        | Killed an accursed
   147 | D        | Noticed an accursed
   148 | D        | Noticed a destroyer
   148 | D        | Killed a destroyer
   148 | D        | Killed an accursed
   148 | D        | Killed a destroyer
   148 | D        | Noticed a destroyer
   149 | D        | Killed a destroyer
   150 | D        | Noticed a tyrant
   150 | D        | Noticed a destroyer
   151 | D        | Killed a destroyer
   151 | D        | Killed a tyrant
   151 | D        | Noticed a meat beast
   152 | D        | Noticed a destroyer
   152 | D        | Noticed a fleshlord
   152 | D        | Noticed a meat beast
   153 | D        | Noticed a dread
   153 | D        | Noticed a fleshlord
   153 | D        | Noticed a dread
   154 | D        | Noticed a meat beast
   154 | D        | Noticed a fleshlord
   156 | D        | Killed a meat beast
   156 | D        | Killed a meat beast
   157 | D        | Killed a meat beast
   157 | D        | Noticed a tyrant
   157 | D        | Noticed a fleshlord
   158 | D        | Killed a tyrant
   158 | D        | Killed a fleshlord
   158 | D        | Killed a fleshlord
   159 | D        | Killed a fleshlord
   159 | D        | Killed a destroyer
   161 | D        | Noticed a fleshlord
   161 | D        | Noticed The Meatlord
   164 | D        | Killed The Meatlord
   164 | D        | Killed a fleshlord
   164 | D        | Killed a dread
   164 | D        | Noticed a fleshlord
   164 | D        | Noticed a destroyer
   165 | D        | Killed an accursed
   165 | D        | Killed a fleshlord
   165 | D        | Killed a destroyer
   165 | D        | Killed a fleshlord
   165 | D        | Noticed a meat beast
   166 | D        | Killed a dread
   166 | D        | Killed a meat beast
   166 | D        | Noticed a large bag of meat
   166 | D        | Noticed an accursed
   167 | D        | Killed a large bag of meat
   167 | D        | Noticed a dread
   167 | D        | Noticed an accursed
   168 | D        | Killed a dread
   168 | D        | Killed an accursed
   168 | D        | Killed an accursed
   168 | D        | Noticed a meat beast
   169 | D        | Killed a meat beast
   169 | D        | Noticed a fleshlord
   169 | D        | Noticed a fleshlord
   170 | D        | Noticed a dread
   170 | D        | Killed a fleshlord
   170 | D        | Killed a fleshlord
   170 | D        | Killed a dread
   170 | D        | Noticed a meat beast
   170 | D        | Noticed a fleshlord
   170 | D        | Noticed an accursed
   171 | D        | Killed a meat beast
   171 | D        | Killed a fleshlord
   171 | D        | Noticed a dread
   171 | D        | Noticed a tyrant
   172 | D        | Noticed a fleshlord
   172 | D        | Noticed a tyrant
   173 | D        | Noticed a destroyer
   174 | D        | Killed a tyrant
   174 | D        | Killed a fleshlord
   175 | D        | Killed an accursed
   175 | D        | Killed a tyrant
   176 | D        | Killed a destroyer
   176 | D        | Killed a dread
   176 | D        | Noticed a destroyer
   177 | D        | Killed a destroyer
   177 | D        | Noticed a large bag of meat
   179 | D        | Killed a large bag of meat
   180 | D        | Noticed a dread
   182 | D        | Got the Orb of Zot
   183 | D        | Noticed a meat beast
   183 | D        | Noticed a fleshlord
   184 | D        | Killed a fleshlord
   184 | D        | Killed a meat beast
   184 | D        | Noticed a meat beast
   185 | D        | Killed a dread
   185 | D        | Noticed a destroyer
   186 | D        | Killed a meat beast
   186 | D        | Killed a destroyer
   188 | D        | Noticed a fleshlord
   188 | D        | Noticed a fleshlord
   189 | D        | Killed a fleshlord
   189 | D        | Killed a fleshlord
   189 | D        | Noticed a destroyer
   190 | D        | Killed a destroyer
   192 | D        | Noticed a destroyer
   192 | D        | Noticed a fleshlord
   193 | D        | Killed a destroyer
   193 | D        | Killed a fleshlord
   193 | D        | Noticed a meat beast
   193 | D        | Noticed a destroyer
   194 | D        | Killed a meat beast
   194 | D        | Killed a destroyer
   194 | D        | Noticed a dread
   195 | D        | Killed a dread
   195 | D        | Noticed a destroyer
   196 | D        | Killed a destroyer
   196 | D        | Noticed a tyrant
   197 | D        | Killed a tyrant
   197 | D        | Noticed a dread
   198 | D        | Killed a dread
   199 | D        | Noticed a dread
   200 | D        | Killed a dread
   201 | D        | Noticed a meat beast
   201 | D        | Noticed a fleshlord
   202 | D        | Killed a meat beast
   202 | D        | Killed a fleshlord
   204 | D        | Noticed a vile
   205 | D        | Noticed a vile
   206 | D        | Noticed a meat beast
   207 | D        | Mangled by a vile

Illustrated notes

Levels and vault maps discovered:
D:        meatsprint

Skill      XL: |  1  2  3  4  5  6  7  8  9 10 11 12 13 14 15 16 17 18 19 20 21 22 23 24 25 26 27 |
---------------+----------------------------------------------------------------------------------+-----
Fighting       | 11 12 13 16 18 19 21 22 24 27 | 27.0
Axes           | 9 10 11 13 15 16 18 19 21 24 26 27 | 27.0
Throwing       | 9 10 11 13 15 16 18 19 21 24 26 27 | 27.0
Armour         | 10 12 13 15 18 21 22 24 27 | 27.0
Dodging        | 12 13 14 17 20 23 24 26 27 | 27.0
Spellcasting   | 8 10 12 14 15 17 18 19 22 24 27 | 27.0
Short Blades   | 10 13 16 19 21 23 27 | 27.0
Long Blades    | 10 12 16 18 20 22 27 | 27.0
Maces & Flails | 9 11 14 17 19 20 27 | 27.0
Polearms       | 9 11 14 17 19 20 27 | 27.0
Staves         | 10 12 16 18 20 22 27 | 27.0
Ranged Weapons | 9 11 14 17 19 20 27 | 27.0
Stealth        | 10 12 16 18 20 22 27 | 27.0
Shields        | 11 13 17 20 22 24 27 | 27.0
Unarmed Combat | 11 13 17 20 22 24 27 | 27.0
Invocations    | 11 13 17 20 22 24 27 | 27.0
Evocations     | 11 13 17 20 22 24 27 | 27.0

Action                   |  1- 3 |  4- 6 |  7- 9 | 10-12 | 13-15 | 16-18 | 19-21 | 22-24 | 25-27 || total
-------------------------+-------+-------+-------+-------+-------+-------+-------+-------+-------++-------
Melee: Executioner's axe |     1 |       |       |     2 |     5 |    10 |    21 |    19 |   326 ||   384
Throw: Boomerang         |       |       |       |       |       |       |     1 |       |       ||     1
 Cast: Manifold Assault  |       |       |       |       |     2 |     3 |     6 |     5 |   110 ||   126
       Borgnjor's Vile C |       |       |       |       |     1 |       |     1 |       |       ||     2
       Shatter           |       |       |       |       |       |       |       |       |     4 ||     4
       Polar Vortex      |       |       |       |       |       |       |       |       |     1 ||     1
Invok: Greater Servant o |       |       |       |       |       |       |       |       |     1 ||     1
  Use: Scroll            |       |       |       |       |       |       |       |       |     2 ||     2
       Potion            |       |       |       |       |       |       |       |       |     2 ||     2
Armor: Leather armour    |       |       |       |       |       |       |       |       |     5 ||     5
Dodge: Dodged            |     1 |       |       |       |       |       |       |       |    22 ||    23

Table legend: (Time is in decaauts)
 A = Elapsed time spent in this place.
 B = Non-inter-level travel time spent in this place.
 C = Inter-level travel time spent in this place.
 D = Time resting spent in this place.
 E = Time spent auto-exploring this place.
 F = Levels seen in this place.
 G = Mean time per level.
                   A        B        C        D        E       F      G
               +--------+--------+--------+--------+--------+-----+--------+
         Total |    173 |    173 |      0 |      0 |      0 |   1 |  173.0 |
       Dungeon |    173 |    173 |      0 |      0 |      0 |   1 |  173.0 |
               +--------+--------+--------+--------+--------+-----+--------+

Top non-repeatable levels by time:
       D: 173 daAuts
